Map: New Bed of Chaos LE

Players

BRISERG

  • Race: Protoss Protoss
  • League: Silver

casort

  • Race: Terran Terran

bobflintlock - Winner!

  • Race: Terran Terran

Pearoshky - Winner!

  • Race: Terran Terran

VOD

Have the link to the VOD?

Description

Time

  • Played on: Aug. 28, 2026, 7:15 p.m.
  • Length: 26:16
Show
View Real Time Build Order
Export as new Build Order

BRISERG Protoss 

Build Orders:  

Get SALT Encoding   

  8  0:04  Probe (Chrono Boost)  
  9  0:24  Probe  
  9  0:25  Pylon  
  10  0:52  Forge  
  10  1:02  Pylon  
  10  1:07  Pylon  
  10  1:17  Probe (Chrono Boost)  
  11  1:23  Probe (Chrono Boost)  
  12  1:34  Probe  
  13  1:46  Probe  
  14  1:56  Gateway  
  14  1:58  Probe  
  15  2:10  Probe  
  15  2:11  Assimilator  
  16  2:16  Assimilator  
  16  2:22  Probe  
  17  2:34  Probe (Chrono Boost)  
  18  2:46  Probe (Chrono Boost)  
  19  2:51  Probe (Chrono Boost)  
  19  2:57  Photon Cannon  
  20  2:59  Photon Cannon  
  20  3:01  Probe  
  21  3:07  Photon Cannon  
  21  3:13  Probe  
  22  3:26  Cybernetics Core  
  22  3:32  Pylon  
  22  3:40  Pylon  
  22  3:43  Pylon  
  22  4:19  Photon Cannon  
  22  4:22  Pylon  
  22  4:24  Photon Cannon  
  22  4:44  Photon Cannon  
  22  5:00  Nexus  
  22  5:09  Probe (Chrono Boost)  
  23  5:18  Pylon  
  23  5:19  Probe (Chrono Boost)  
  24  5:24  Probe (Chrono Boost)  
  24  5:25  Pylon  
  25  5:39  Stargate  
  25  5:44  Pylon  
  25  5:54  Pylon  
  25  6:03  Stargate  
  25  6:07  Probe (Chrono Boost)  
  26  6:18  Probe (Chrono Boost)  
  28  6:20  Probe (Chrono Boost)  
  28  6:23  Probe (Chrono Boost)  
  29  6:27  Probe (Chrono Boost)  
  29  6:31  Probe (Chrono Boost)  
  32  6:43  Probe (Chrono Boost)  
  32  6:44  Probe (Chrono Boost)  
  33  6:48  Stargate, Probe (Chrono Boost)  
  33  6:50  Probe (Chrono Boost)  
  33  6:52  Stargate  
  33  6:58  Probe  
  29  7:02  Probe  
  29  7:05  Photon Cannon  
  30  7:12  Photon Cannon  
  30  7:16  Photon Cannon  
  25  7:31  Photon Cannon  
  25  7:33  Photon Cannon  
  24  7:48  Shield Battery  
  19  7:56  Void Ray  
  22  8:06  Probe (Chrono Boost)  
  22  8:11  Probe (Chrono Boost)  
  24  8:17  Probe (Chrono Boost)  
  26  8:24  Probe (Chrono Boost)  
  26  8:25  Probe (Chrono Boost)  
  27  8:31  Probe (Chrono Boost)  
  27  8:33  Probe (Chrono Boost)  
  30  8:43  Probe (Chrono Boost)  
  30  8:45  Probe (Chrono Boost)  
  31  8:50  Probe (Chrono Boost)  
  31  8:53  Probe (Chrono Boost)  
  33  8:57  Probe  
  34  9:03  Probe  
  34  9:09  Probe  
  36  9:15  Probe  
  37  9:21  Probe  
  37  9:23  Assimilator  
  38  9:25  Assimilator  
  38  9:27  Probe  
  39  9:33  Probe  
  39  9:36  Photon Cannon  
  39  9:38  Photon Cannon  
  40  9:40  Probe (Chrono Boost)  
  40  9:41  Photon Cannon  
  42  9:49  Probe (Chrono Boost)  
  42  9:52  Probe (Chrono Boost)  
  45  10:00  Probe (Chrono Boost)  
  45  10:01  Probe (Chrono Boost), Photon Cannon  
  45  10:04  Photon Cannon  
  45  10:06  Photon Cannon  
  45  10:14  Stargate  
  45  10:22  Fleet Beacon  
  45  12:37  Carrier x4  
  45  12:38  Carrier  
  75  13:00  Cybernetics Core  
  75  13:25  Assimilator  
  75  13:26  Assimilator  
  75  13:27  Nexus  
  75  13:33  Pylon  
  75  13:35  Pylon  
  75  13:38  Pylon  
  75  13:40  Pylon  
  75  13:41  Tempest x5  
  75  13:46  Pylon  
  95  13:59  Protoss Air Weapons Level 1  
  95  14:00  Protoss Air Armor Level 1  
  95  14:11  Photon Cannon  
  95  14:13  Photon Cannon  
  95  14:15  Photon Cannon  
  95  14:17  Photon Cannon  
  95  14:19  Photon Cannon  
  95  14:21  Photon Cannon x2  
  95  14:26  Photon Cannon  
  95  14:28  Shield Battery  
  95  14:49  Probe (Chrono Boost)  
  95  14:52  Probe x2  
  98  14:57  Probe  
  98  15:04  Probe x2  
  101  15:09  Probe  
  101  15:13  Shield Battery  
  102  15:16  Probe  
  102  15:17  Probe  
  102  15:18  Shield Battery  
  102  15:21  Shield Battery, Probe  
  105  15:28  Probe  
  105  15:35  Nexus  
  106  15:38  Pylon  
  93  15:58  Photon Cannon  
  93  16:00  Pylon  
  93  16:04  Pylon  
  93  16:06  Pylon  
  93  16:22  Pylon  
  93  16:30  Photon Cannon  
  93  16:32  Photon Cannon  
  93  16:34  Photon Cannon  
  93  16:36  Photon Cannon  
  93  16:38  Photon Cannon  
  93  16:40  Photon Cannon  
  93  16:43  Photon Cannon  
  93  16:45  Photon Cannon  
  93  16:54  Assimilator  
  93  16:55  Shield Battery  
  93  17:00  Photon Cannon  
  93  17:02  Photon Cannon  
  93  17:05  Photon Cannon  
  93  17:07  Photon Cannon  
  93  17:11  Photon Cannon  
  93  17:20  Probe (Chrono Boost)  
  96  17:25  Probe x2 (Chrono Boost)  
  96  17:43  Protoss Air Weapons Level 2, Protoss Air Armor Level 2  
  46  18:02  Photon Cannon  
  46  18:05  Photon Cannon  
  46  18:07  Photon Cannon  
  46  18:13  Photon Cannon  
  46  18:15  Photon Cannon  
  45  18:23  Photon Cannon  
  45  18:26  Photon Cannon  
  45  18:28  Photon Cannon  
  44  18:35  Tempest x3  
  44  18:36  Tempest  
  60  18:48  Tempest  
  53  19:55  Photon Cannon  
  53  19:59  Tempest x2  
  57  20:01  Tempest x3  
  57  20:06  Photon Cannon  
  73  20:20  Photon Cannon  
  73  20:23  Photon Cannon  
  73  20:40  Shield Battery  
  73  20:42  Tempest  
  77  20:44  Pylon  
  77  21:03  Assimilator, Nexus  
  77  21:06  Assimilator  
  77  21:32  Photon Cannon  
  77  21:34  Photon Cannon  
  77  21:36  Photon Cannon  
  77  21:39  Shield Battery  
  77  21:42  Shield Battery  
  77  21:58  Probe (Chrono Boost)  
  80  22:01  Pylon  
  80  22:02  Probe x2 (Chrono Boost)  
  81  22:10  Probe (Chrono Boost)  
  81  22:13  Probe x2 (Chrono Boost)  
  83  22:22  Probe  
  32  23:16  Carrier x2  
  32  23:17  Carrier x3  
  37  24:45  Nexus  
Show
View Real Time Build Order
Export as new Build Order

casort Terran 

Build Orders:  

Get SALT Encoding   

  8  0:01  SCV  
  9  0:19  Supply Depot  
  9  0:34  SCV  
  10  0:46  SCV  
  11  0:58  Barracks, SCV  
  12  1:14  SCV  
  13  1:38  SCV  
  13  1:39  Barracks  
  14  1:47  Supply Depot  
  14  1:49  Marine  
  14  1:50  SCV  
  16  2:02  SCV  
  17  2:10  Marine  
  17  2:15  SCV  
  19  2:29  Command Center  
  19  2:33  Marine  
  19  2:34  Marine  
  21  2:42  SCV  
  22  2:50  Refinery  
  22  2:51  Marine  
  22  2:53  Marine  
  22  2:58  SCV  
  25  3:10  SCV  
  26  3:15  Refinery  
  26  3:27  Supply Depot  
  26  3:29  SCV  
  26  3:33  Marine x2  
  29  3:42  SCV  
  30  3:51  Marine x2, Supply Depot  
  32  4:06  SCV  
  33  4:18  SCV  
  34  4:28  Marine x2  
  34  4:30  SCV  
  37  4:34  Refinery  
  37  4:42  SCV  
  38  4:46  Marine x2  
  38  4:52  Factory  
  40  4:54  SCV  
  40  4:56  Supply Depot  
  40  4:57  Orbital Command  
  41  5:06  SCV  
  42  5:18  SCV  
  42  5:20  Supply Depot  
  43  5:28  Engineering Bay  
  43  5:30  SCV  
  44  5:37  Marine x2  
  44  5:40  Factory Tech Lab  
  46  5:53  Supply Depot  
  46  5:55  Marine x2  
  48  6:05  Starport  
  48  6:10  Siege Tank, Missile Turret  
  51  6:16  Orbital Command  
  51  6:20  Refinery  
  51  6:31  Armory  
  51  6:39  Marine x2  
  53  6:43  Widow Mine  
  55  6:56  Viking, Marine  
  55  6:57  Marine  
  59  7:04  Widow Mine  
  59  7:08  Missile Turret  
  48  7:26  Viking  
  42  7:50  Starport  
  42  7:51  Terran Ship Weapons Level 1  
  42  7:55  Marine x2  
  42  7:56  Viking  
  46  8:13  Marine x2  
  46  8:15  Missile Turret  
  48  8:21  Missile Turret  
  48  8:25  Missile Turret  
  48  8:26  Viking, SCV  
  51  8:32  Starport Tech Lab  
  51  8:38  SCV  
  52  8:46  Cyclone  
  55  8:50  SCV  
  56  8:56  Viking  
  58  9:16  Missile Turret  
  58  9:23  Fusion Core  
  58  9:26  Viking  
  58  9:30  Marine x2  
  62  9:35  Cyclone  
  65  9:39  Command Center  
  65  9:48  Marine  
  65  9:49  Marine  
  67  9:58  Starport Tech Lab  
  67  10:03  Viking  
  67  10:06  Marine  
  70  10:07  Marine, Terran Vehicle And Ship Armor Level 1  
  70  10:12  Armory  
  71  10:19  Supply Depot  
  71  10:29  Thor  
  71  10:33  Viking  
  79  10:39  Starport  
  79  10:42  Supply Depot  
  79  10:45  Starport  
  79  10:58  SCV  
  79  10:59  Refinery  
  79  11:03  Viking  
  82  11:10  SCV  
  83  11:12  Terran Ship Weapons Level 2  
  83  11:20  Missile Turret  
  83  11:22  SCV  
  84  11:29  Missile Turret  
  84  11:33  Viking  
  84  11:34  SCV  
  87  11:41  Supply Depot  
  87  11:44  Starport Tech Lab  
  87  11:46  SCV  
  88  11:47  Starport Tech Lab  
  88  11:51  Missile Turret  
  88  11:52  Starport  
  88  12:03  Viking, Battlecruiser x2  
  102  12:14  Refinery  
  101  12:22  Viking  
  93  12:33  Viking  
  95  12:38  SCV  
  96  12:49  Missile Turret  
  96  12:50  SCV  
  97  13:02  SCV  
  97  13:03  Starport Tech Lab  
  98  13:09  Missile Turret  
  98  13:13  Orbital Command  
  98  13:33  Terran Ship Weapons Level 3  
  98  13:35  Terran Vehicle And Ship Armor Level 2  
  98  13:44  Starport  
  98  13:46  Battlecruiser x2  
  98  13:47  Battlecruiser  
  116  13:54  Refinery  
  116  13:58  Missile Turret  
  116  14:28  Supply Depot  
  116  14:36  Starport Tech Lab  
  116  14:45  Missile Turret  
  116  14:50  Thor  
  116  14:51  Supply Depot  
  122  15:13  Battlecruiser  
  128  15:14  Supply Depot  
  128  15:28  Missile Turret  
  128  15:33  SCV  
  129  15:46  SCV  
  130  15:58  SCV  
  131  16:10  SCV  
  130  16:22  SCV  
  130  16:26  Battlecruiser  
  130  16:27  Battlecruiser  
  142  16:43  Terran Vehicle And Ship Armor Level 3  
  142  16:53  SCV  
  143  17:33  Missile Turret  
  143  17:52  SCV  
  143  17:53  Missile Turret  
  143  17:54  Battlecruiser  
  125  18:38  Battlecruiser  
  125  19:23  Battlecruiser  
  124  20:06  Battlecruiser  
  130  22:36  Battlecruiser  
  130  22:56  Battlecruiser  
  130  24:01  Battlecruiser  
  130  24:02  Widow Mine  
  109  24:23  Widow Mine  
  105  24:45  Widow Mine  
Show
View Real Time Build Order
Export as new Build Order

bobflintlock Terran - Winner!

Build Orders:  

Get SALT Encoding   

  8  0:01  SCV  
  9  0:18  Supply Depot  
  9  0:33  Supply Depot  
  9  0:54  Supply Depot  
  9  0:58  SCV  
  10  1:10  SCV  
  11  1:24  Barracks  
  11  1:27  SCV  
  12  1:37  Refinery  
  12  1:42  SCV  
  13  1:54  SCV  
  14  2:07  SCV  
  14  2:08  Refinery  
  15  2:19  Orbital Command  
  15  2:29  Reaper  
  16  3:02  SCV  
  16  3:03  Marine  
  18  3:21  Marine  
  19  3:36  Factory  
  19  3:38  SCV  
  19  3:39  Marine  
  21  3:50  SCV  
  22  3:56  Marine  
  22  4:14  Marine  
  23  4:26  Command Center  
  23  4:41  Bunker  
  23  4:43  Factory Tech Lab  
  23  4:44  Marine  
  24  4:52  Barracks  
  24  5:02  Marine  
  25  5:20  Marine  
  26  5:26  Siege Tank  
  29  5:38  Marine  
  29  5:40  Orbital Command  
  30  5:52  SCV  
  30  5:55  Marine  
  30  5:56  Barracks Tech Lab  
  32  5:58  Siege Tank  
  32  6:04  SCV  
  36  6:11  Starport  
  36  6:20  Marine  
  36  6:22  Barracks Reactor  
  37  6:29  Combat Shield  
  37  6:30  Siege Tank  
  40  6:37  Marine  
  41  6:42  SCV  
  41  6:44  Barracks  
  41  6:46  SCV  
  43  6:50  Refinery  
  43  6:54  SCV  
  43  6:55  Marine  
  43  6:58  SCV  
  46  7:02  Siege Tank  
  46  7:05  Marine  
  50  7:52  Barracks Reactor  
  50  8:19  Stimpack  
  50  8:26  Supply Depot  
  50  8:29  Supply Depot  
  50  8:32  Supply Depot  
  50  8:47  Marine x5, Medivac, SCV x2  
  59  8:50  Engineering Bay  
  59  8:51  Engineering Bay  
  59  8:59  SCV x2  
  64  9:02  Siege Tank  
  64  9:05  Marine x5  
  69  9:11  SCV x2  
  69  9:17  Refinery, Medivac  
  71  9:22  Marine x5  
  71  9:23  SCV x2  
  80  9:28  Terran Infantry Weapons Level 1  
  80  9:36  SCV x2  
  82  9:46  Supply Depot  
  82  9:47  Supply Depot  
  82  9:50  Supply Depot  
  82  10:01  Terran Infantry Armor Level 1  
  82  10:08  Marine x5, Siege Tank  
  82  10:09  Medivac  
  82  10:11  Armory  
  92  10:25  Marine x5  
  97  10:37  Sensor Tower  
  97  10:39  Medivac  
  97  10:40  Siege Tank  
  102  10:43  Marine x4  
  102  10:49  Barracks  
  106  10:51  Barracks  
  106  10:57  Barracks  
  106  10:59  Barracks  
  106  11:01  Barracks  
  106  11:08  Supply Depot  
  106  11:10  Supply Depot  
  106  11:11  Command Center  
  106  11:12  Supply Depot  
  106  11:13  Supply Depot  
  106  11:30  Marine x4, Medivac  
  112  11:34  Supply Depot  
  112  11:43  Barracks  
  112  11:51  Barracks Reactor x2  
  112  11:52  Barracks Reactor  
  112  11:53  Barracks Reactor  
  112  11:54  Barracks Reactor  
  112  12:03  Terran Infantry Weapons Level 2  
  112  12:04  Terran Infantry Armor Level 2  
  112  12:07  Terran Vehicle And Ship Armor Level 1  
  112  12:14  Starport Reactor  
  112  12:34  Planetary Fortress  
  112  12:50  Supply Depot  
  112  12:51  Supply Depot  
  112  12:52  Supply Depot  
  112  12:53  Supply Depot  
  112  12:56  Command Center  
  112  12:57  Marine  
  112  12:58  Marine x6  
  115  12:59  Barracks Reactor  
  115  13:00  Marine x2  
  121  13:13  Medivac x2  
  121  13:14  Supply Depot x2  
  121  13:19  SCV  
  126  13:40  Marine x4  
  126  13:41  Marine x8  
  133  13:43  Medivac  
  133  13:47  Medivac  
  142  13:55  Starport  
  142  14:01  Terran Vehicle And Ship Armor Level 2  
  142  14:08  Planetary Fortress  
  142  14:13  Medivac  
  144  14:23  Terran Infantry Weapons Level 3  
  144  14:48  Refinery  
  144  14:50  Refinery  
  144  14:52  Missile Turret  
  144  14:59  Marine x4  
  147  15:00  Marine x7  
  147  15:01  Marine x2  
  157  15:10  Starport Reactor  
  157  15:12  Marine x3, Missile Turret  
  157  15:13  Marine  
  161  15:17  Marine x6  
  161  15:18  Marine x7  
  174  15:30  Marine  
  174  15:32  Missile Turret  
  175  15:53  Missile Turret  
  175  16:14  Missile Turret  
  174  16:29  Marine x3  
  174  16:30  Marine x7  
  174  16:31  Marine x7  
  191  16:47  Marine x4  
  191  16:48  Marine x5  
  200  17:05  Terran Infantry Armor Level 3  
  200  17:06  Terran Vehicle And Ship Armor Level 3  
  112  19:51  Marine x7  
  112  19:52  Marine x8  
  122  19:53  Marine x2  
  126  20:06  Hi-Sec Auto Tracking  
  126  20:07  Neosteel Armor  
  126  20:08  Marine  
  126  20:09  Marine x8  
  126  20:10  Marine x8  
  142  20:26  Marine x3  
  142  20:27  Marine x8, Medivac x2  
  142  20:28  Marine x6, Medivac x2  
  167  20:44  Marine x4  
  167  20:45  Marine x8  
  167  20:46  Marine x5  
  184  21:02  Marine x6  
  184  21:03  Marine x7  
  184  21:04  Marine x3  
  136  23:47  Marine  
  136  23:48  Marine x9  
  141  23:49  Marine x7  
  153  24:05  Marine x3  
  153  24:06  Marine x8  
  153  24:07  Marine x6  
  151  24:23  Marine x5  
  151  24:24  Marine x4  
  141  24:39  Marine x4  
Show
View Real Time Build Order
Export as new Build Order

Pearoshky Terran - Winner!

Build Orders:  

Get SALT Encoding   

  8  0:01  SCV  
  9  0:17  Supply Depot  
  9  0:23  SCV  
  10  0:35  SCV  
  11  0:50  Barracks  
  11  0:56  SCV  
  12  1:09  SCV  
  13  1:13  Refinery  
  13  1:25  SCV  
  14  1:37  SCV  
  14  1:38  Supply Depot  
  15  1:50  SCV  
  16  2:04  Orbital Command  
  16  2:09  Refinery  
  16  2:12  Marine  
  17  2:19  Factory  
  17  2:30  SCV  
  18  2:42  SCV  
  19  2:45  Marine  
  19  2:46  Supply Depot  
  20  2:56  SCV  
  21  3:02  Factory Tech Lab  
  21  3:03  Marine  
  22  3:09  Starport  
  22  3:14  SCV  
  23  3:21  Marine  
  23  3:26  SCV  
  25  3:34  Siege Tank  
  28  3:38  SCV  
  29  3:46  Fusion Core  
  29  3:53  Marine  
  30  3:59  SCV  
  31  4:04  Supply Depot  
  31  4:21  Command Center  
  31  4:37  Battlecruiser  
  37  5:26  Engineering Bay  
  37  5:30  Supply Depot  
  37  5:31  SCV  
  38  5:52  Orbital Command  
  38  5:58  Factory Tech Lab  
  38  6:00  Battlecruiser  
  44  6:09  Bunker  
  44  6:21  SCV  
  44  6:23  SCV  
  46  6:32  Missile Turret  
  46  6:39  Missile Turret  
  46  6:42  Missile Turret  
  46  6:45  Missile Turret, SCV x2  
  48  6:51  Siege Tank  
  48  6:52  Starport  
  50  8:18  Starport Tech Lab  
  50  8:41  SCV x2  
  52  8:53  SCV  
  52  8:54  SCV  
  52  8:55  Battlecruiser  
  60  8:56  Battlecruiser  
  60  8:58  Weapon Refit  
  66  9:11  Armory  
  66  9:15  Supply Depot  
  66  9:19  Refinery  
  66  9:21  Refinery  
  66  9:27  Sensor Tower  
  66  9:36  SCV x2  
  68  9:57  Marine  
  68  9:59  SCV x2  
  71  10:09  Terran Vehicle And Ship Armor Level 1  
  71  10:15  Marine  
  72  10:26  Supply Depot x2  
  72  10:27  SCV x2  
  74  10:42  Supply Depot  
  74  10:47  SCV x2, Battlecruiser  
  74  10:48  Marine, Battlecruiser  
  89  10:59  SCV  
  89  11:03  Missile Turret  
  89  11:04  SCV  
  91  11:06  Marine  
  92  11:13  Missile Turret  
  92  11:14  Supply Depot x2  
  92  11:36  Supply Depot x2  
  92  11:45  Marine  
  93  11:52  Battlecruiser  
  93  11:53  Battlecruiser  
  105  12:03  Marine  
  106  12:21  Marine  
  101  12:39  Marine  
  102  12:56  Battlecruiser, Marine  
  102  12:57  Battlecruiser  
  115  13:04  Terran Ship Weapons Level 1  
  115  13:12  Armory  
  115  13:20  Supply Depot  
  115  13:21  Supply Depot  
  115  13:26  Supply Depot  
  115  13:46  Supply Depot  
  115  14:00  Battlecruiser  
  115  14:01  Battlecruiser  
  127  14:17  Command Center  
  127  14:27  Terran Vehicle And Ship Armor Level 2  
  127  14:53  Refinery  
  127  14:54  Refinery  
  127  15:26  Terran Ship Weapons Level 2  
  127  16:05  Planetary Fortress  
  127  16:15  Battlecruiser  
  133  16:49  Terran Vehicle And Ship Armor Level 3  
  133  17:19  Battlecruiser  
  133  19:02  Battlecruiser x2  
  145  20:45  Battlecruiser x2  
  157  21:22  Command Center  
  157  21:48  Terran Ship Weapons Level 3  
  157  21:49  Battlecruiser x2  
  169  22:53  Battlecruiser  
  175  23:21  Battlecruiser  
  181  23:57  Battlecruiser  
Tags
 
Add a new tag
Caveats
  • Supply blocks, unpowered buildings, or Contaminate may cause inaccurate times.
  • Supply counts are checked every 10 seconds.